General information
- name: BNet
- type: Ladder team game (AT/RT)
- host: Battle.net
- saver: TollWut
map: Battleground
- players: 8
- length: 26:51
- speed: Fast
- version: 1.24 W3XP
- replay type: Public
» download(112 KB)
Players
team 1 (winner)
TollWut (
orange | 75 APM | 2003 actions | 26:51)
6 Archmage
3 Summon Water Elemental
3 Brilliance Aura
6 Far Seer
3 Feral Spirit
3 Chain Lighting
» actions
| Assign group hotkey | 64 | |
| Basic commands | 84 | |
| Build / train | 129 | |
| ESC pressed | 1 | |
| Enter build submenu | 61 | |
| Enter hero's abilities submenu | 15 | |
| Remove unit from queue | 3 | |
| Right click | 608 | |
| Select / deselect | 542 | |
| Select group hotkey | 333 | |
| Use ability | 162 | |
2003 total
» units
| Peasant | 13 | |
| Peon | 18 | |
| Grunt | 23 | |
| Footman | 17 | |
| Dragonhawk Rider | 12 | |
| Gryphon Rider | 2 | |
| Raider | 3 | |
| Knight | 4 | |
92 total
» upgrades
| Defend | 1 | |
| Cloud | 1 | |
| Berserker Strength | 1 | |
| Swords | 1 | |
| Storm Hammers | 1 | |
| Animal War Training | 1 | |
| Armor | 1 | |
| Ensnare | 1 | |
8 total
» buildings
| Altar of Kings | 2 | |
| Altar of Storms | 2 | |
| Farm | 21 | |
| Orc Burrow | 11 | |
| Barracks | 5 | |
| Keep | 2 | |
| Voodoo Lounge | 2 | |
| Castle | 2 | |
| Lumber Mill | 3 | |
| Arcane Vault | 2 | |
| Stronghold | 2 | |
| Great Hall | 1 | |
| Gryphon Aviary | 4 | |
| War Mill | 1 | |
| Blacksmith | 2 | |
| Beastiary | 3 | |
65 total
» build order
00:07 Altar of Kings
00:22 Altar of Storms
00:30 Altar of Kings
00:35 Farm
00:41 Orc Burrow
00:49 Farm
00:56 Barracks
01:00 Altar of Storms
01:03 Orc Burrow
01:20 Farm
01:24 Barracks
01:31 Barracks
01:47 Barracks
01:51 Farm
02:06 Farm
02:22 Orc Burrow
02:26 Farm
03:59 Farm
04:03 Orc Burrow
04:06 Farm
04:13 Orc Burrow
04:14 Orc Burrow
04:33 Orc Burrow
05:08 Keep
05:31 Voodoo Lounge
06:24 Keep
07:42 Castle
07:45 Lumber Mill
07:46 Farm
07:49 Arcane Vault
08:03 Orc Burrow
08:04 Stronghold
08:16 Great Hall
08:55 Gryphon Aviary
08:57 Gryphon Aviary
09:01 Arcane Vault
09:03 Lumber Mill
10:00 War Mill
10:18 Farm
10:20 Farm
12:02 Castle
12:05 Farm
12:06 Farm
12:24 Blacksmith
12:44 Barracks
13:19 Stronghold
14:15 Farm
14:45 Lumber Mill
14:48 Blacksmith
15:04 Orc Burrow
16:34 Gryphon Aviary
16:35 Gryphon Aviary
16:56 Beastiary
17:11 Beastiary
17:17 Voodoo Lounge
17:58 Farm
17:59 Farm
18:00 Farm
18:08 Beastiary
19:03 Farm
19:03 Farm
20:06 Farm
20:07 Farm
20:30 Orc Burrow
20:32 Orc Burrow
» items
BlZdEtEg (
red | 0 APM | 0 actions | 00:03)
IM_TK (
green | 44 APM | 7 actions | 00:09)
team 2 (loser)
America-5700 (
yellow | 54 APM | 377 actions | 07:00)
2 Death Knight
1 Death Coil
1 Unholy Aura
» actions
| Assign group hotkey | 3 | |
| Build / train | 27 | |
| Enter build submenu | 8 | |
| Enter hero's abilities submenu | 2 | |
| Right click | 199 | |
| Select / deselect | 119 | |
| Select group hotkey | 7 | |
| Use ability | 12 | |
377 total
» units
| Acolyte | 5 | |
| Ghoul | 7 | |
| Crypt Fiend | 10 | |
22 total
» buildings
| Crypt | 2 | |
| Altar of Darkness | 1 | |
| Ziggurat | 4 | |
| Graveyard | 1 | |
8 total
» build order
00:08 Crypt
00:11 Altar of Darkness
00:25 Ziggurat
01:08 Graveyard
01:47 Ziggurat
02:29 Ziggurat
02:34 Ziggurat
03:09 Crypt

»
froyO_TA28-PIl (
pink | 99 APM | 2661 actions | 26:49)
7 Paladin
3 Holy Light
2 Divine Shield
1 Resurrection
1 Devotion Aura
5 Naga Sea Witch
3 Frost Arrows
2 Forked Lightning
1 Demon Hunter
1 Immolation
1 Crypt Lord
1 Carrion Beetles
1 Archmage
1 Brilliance Aura
» actions
| Assign group hotkey | 57 | |
| Basic commands | 291 | |
| Build / train | 113 | |
| ESC pressed | 9 | |
| Enter build submenu | 27 | |
| Enter hero's abilities submenu | 16 | |
| Give item / drop item | 2 | |
| Right click | 588 | |
| Select / deselect | 336 | |
| Select group hotkey | 1067 | |
| Use ability | 155 | |
2661 total
» units
| Peasant | 10 | |
| Footman | 8 | |
| Spell Breaker | 10 | |
| Priest | 9 | |
| Sorceress | 6 | |
| Knight | 2 | |
| Siege Engine | 7 | |
| Mortar Team | 1 | |
53 total
» upgrades
| Defend | 1 | |
| Plating | 3 | |
| Lumber Harvesting | 1 | |
| Swords | 2 | |
| Priest Training | 2 | |
| Barrage | 1 | |
| Animal War Training | 1 | |
| Fragmentation Shards | 2 | |
| Gunpowder | 2 | |
| Sorceress Training | 2 | |
| Magic Sentry | 1 | |
| Control Magic | 1 | |
19 total
» buildings
| Altar of Kings | 1 | |
| Farm | 10 | |
| Barracks | 2 | |
| Lumber Mill | 1 | |
| Scout Tower | 3 | |
| Arcane Vault | 1 | |
| Arcane Tower | 1 | |
| Keep | 2 | |
| Blacksmith | 1 | |
| Arcane Sanctum | 2 | |
| Halls of the Dead | 3 | |
| Tomb of Relics | 1 | |
| Nerubian Tower | 2 | |
| Spirit Tower | 2 | |
| Castle | 1 | |
| Workshop | 1 | |
| Town Hall | 1 | |
35 total
» build order
00:12 Altar of Kings
00:17 Farm
00:55 Barracks
00:58 Farm
01:11 Lumber Mill
01:57 Scout Tower
02:03 Farm
02:33 Arcane Vault
02:36 Arcane Tower
03:13 Farm
03:41 Keep
03:41 Keep
04:20 Blacksmith
05:02 Farm
06:15 Arcane Sanctum
07:57 Arcane Sanctum
08:13 Halls of the Dead
08:14 Halls of the Dead
08:20 Tomb of Relics
09:42 Nerubian Tower
09:43 Spirit Tower
09:44 Nerubian Tower
09:45 Spirit Tower
09:53 Castle
11:43 Barracks
11:48 Workshop
13:05 Farm
14:23 Farm
15:37 Farm
17:35 Farm
18:16 Farm
20:20 Town Hall
25:00 Scout Tower
25:01 Scout Tower
» items
| Scroll of Regeneration | 1 | |
| Lesser Clarity Potion | 4 | |
| Scroll of Town Portal | 1 | |
| Rod of Necromancy | 4 | |
| Potion of Lesser Invulnerability | 1 | |
11 total
TalonRyder (
purple | 55 APM | 1469 actions | 26:49)
1 Blood Mage
1 Flame Strike
1 Death Knight
1 Death Coil
7 Demon Hunter
3 Evasion
2 Immolation
1 Metamorphosis
1 Mana Burn
» actions
| Assign group hotkey | 55 | |
| Basic commands | 40 | |
| Build / train | 109 | |
| Enter build submenu | 29 | |
| Enter hero's abilities submenu | 9 | |
| Remove unit from queue | 5 | |
| Right click | 492 | |
| Select / deselect | 209 | |
| Select group hotkey | 478 | |
| Use ability | 43 | |
1469 total
» units
| Peasant | 18 | |
| Wisp | 21 | |
| Footman | 5 | |
| Ghoul | 8 | |
| Archer | 2 | |
| Hippogryph | 24 | |
| Chimaera | 8 | |
86 total
» upgrades
» buildings
| Farm | 3 | |
| Altar of Kings | 1 | |
| Arcane Vault | 1 | |
| Ancient of War | 3 | |
| Barracks | 1 | |
| Tree of Ages | 1 | |
| Altar of Elders | 1 | |
| Moon Well | 8 | |
| Hunter's Hall | 1 | |
| Tomb of Relics | 1 | |
| Tree of Eternity | 1 | |
| Ancient of Wind | 2 | |
| Chimaera Roost | 3 | |
| Ancient of Wonders | 1 | |
| Tree of Life | 1 | |
29 total
» build order
00:08 Farm
00:16 Altar of Kings
01:10 Arcane Vault
01:31 Ancient of War
01:45 Barracks
02:02 Farm
02:17 Ancient of War
04:45 Farm
06:27 Tree of Ages
06:29 Altar of Elders
06:34 Moon Well
06:59 Ancient of War
07:10 Moon Well
08:03 Hunter's Hall
08:21 Tomb of Relics
08:50 Tree of Eternity
08:56 Ancient of Wind
11:31 Chimaera Roost
11:33 Chimaera Roost
11:52 Ancient of Wonders
12:11 Chimaera Roost
12:39 Moon Well
13:11 Moon Well
14:02 Moon Well
14:06 Moon Well
19:15 Ancient of Wind
20:11 Tree of Life
20:22 Moon Well
20:28 Moon Well
» items
| Scroll of Regeneration | 2 | |
| Lesser Clarity Potion | 2 | |
4 total
Chat log
(02:46 / All) TalonRyder: pls leave, dont waste time
(07:06 / All) TalonRyder: wow lol
(21:47 / All) TalonRyder: gg
(21:55 / All) TalonRyder: but a total waste of time